 Dungeon Crawl Stone Soup version 0.22.1-1-ga44c0e56f4 (webtiles) character file.

93 Riddle the Magician (level 4, -4/24 HPs)
             Began as a Kobold Wizard on Sept 25, 2018.
             Shot with an arrow by a centaur (10 damage)
             ... on level 2 of the Dungeon.
             The game lasted 00:06:06 (2744 turns).

Riddle the Magician (Kobold Wizard)                 Turns: 2744, Time: 00:06:06

Health: -4/24      AC:  3    Str:  4    XL:     4   Next: 92%
Magic:  19/19      EV: 16    Int: 20    God:
Gold:   92         SH:  0    Dex: 13    Spells: 10/11 levels left

rFire    . . .     SeeInvis .   i - +0 dagger (drain)
rCold    . . .     Gourm    .   (shield restricted)
rNeg     . . .     Faith    .   a - +0 robe
rPois    .         Spirit   .   b - +0 hat
rElec    .         Reflect  .   (no cloak)
rCorr    .         Harm     .   (no gloves)
MR       .....                  j - +0 pair of boots
Stlth    ++........             e - amulet of regeneration
HPRegen  0.48/turn              r - ring of magical power
MPRegen  0.16/turn              (no ring)

@: no status effects
A: small, carnivore
a: no special abilities


You were on level 2 of the Dungeon.
You were very full.

You visited 1 branch of the dungeon, and saw 2 of its levels.

You collected 92 gold pieces.

Inventory:

Hand Weapons
 i - a +0 dagger of draining (weapon)
Armour
 a - a +0 robe (worn)
 b - a +0 hat (worn)
 j - a +0 pair of boots (worn)
Jewellery
 e - an amulet of regeneration (around neck)
 r - a ring of magical power (left hand)
Wands
 o - a wand of digging (17)
Scrolls
 f - a scroll of fog {unknown}
 k - a scroll of fear
 l - a scroll of enchant weapon {unknown}
 m - 4 scrolls of identify
 p - 2 scrolls of teleportation {unknown}
 q - 2 scrolls of remove curse
Potions
 c - 3 potions of flight {unknown}
 g - a potion of lignification {unknown}
 h - a potion of cancellation {unknown}
 n - a potion of haste {unknown}
Comestibles
 d - 5 rations


   Skills:
 + Level 0.9 Short Blades
 + Level 3.5 Dodging
 + Level 3.3 Stealth
 * Level 4.0 Spellcasting
 * Level 2.3 Conjurations
   Level 1.0 Summonings
   Level 1.0 Translocations


You had 10 spell levels left.
You knew the following spells:

 Your Spells              Type           Power        Failure   Level  Hunger
a - Magic Dart            Conj           ##..         4%          1    None

Your spell library contained the following spells:

 Spells                   Type           Power        Failure   Level  Hunger
 Blink                    Tloc           N/A          13%         2    #......
 Call Imp                 Summ           #.......     13%         2    #......
 Slow                     Hex            #.......     19%         2    #......
 Conjure Flame            Conj/Fire      #.......     24%         3    ###....
 Mephitic Cloud           Conj/Pois/Air  #.......     28%         3    ###....


Dungeon Overview and Level Annotations

Branches:
Dungeon (2/15)

Altars:


Innate Abilities, Weirdness & Mutations

You are small and have problems with some larger weapons.
You are carnivorous and can eat meat at any time.


Message History

The centaur shoots an arrow.
The arrow hits you!
Ouch! That really hurt!
You see here an arrow.
The centaur shoots an arrow.
The arrow hits you.
* * * LOW HITPOINT WARNING * * *
You see here an arrow.
You see here a whip.
There is a stone staircase leading up here.
You climb upwards.
There is a stone staircase leading down here.
You start resting.
HP restored.
You climb downwards.
The centaur shoots an arrow.
The arrow hits you!
Ouch! That really hurt!
There is a stone staircase leading up here.
You see here an arrow.
The centaur shoots an arrow.
The arrow hits you.
* * * LOW HITPOINT WARNING * * *
The centaur shoots an arrow.
The arrow hits you!
You die...

###################
#.c%..(((..........
#.##.(#############
.....>...%...# ....########.##
## #.....[...# #@######..######
#)# #.......###
#.######.c......).
##############(c(...c.#####....
#.............>.####### ####.
######...#......# ##
###........##########
##.........#.......#
##..#.......#.......######


You could see a centaur.

Vanquished Creatures
  4 adders (D:2)
  3 worms (D:2)
  A dart slug (D:2)
  An orc (D:2)
  6 bats
  2 giant cockroaches (D:1)
  10 goblins
  3 hobgoblins
  4 jackals
  4 kobolds
  A quokka (D:2)
  A ball python (D:1)
  A rat (D:2)
41 creatures vanquished.

Notes
Turn   | Place    | Note
-------+----------+-------------------------------------------
     0 | D:1      | Riddle the Kobold Wizard began the quest for the Orb.
     0 | D:1      | Reached XP level 1. HP: 10/10 MP: 4/4
   278 | D:1      | Reached XP level 2. HP: 6/15 MP: 0/6
   969 | D:1      | Reached XP level 3. HP: 18/19 MP: 2/8
  1562 | D:2      | Noticed a centaur
  1572 | D:2      | Reached XP level 4. HP: 24/24 MP: 6/9
  2292 | D:2      | Reached skill level 4 in Spellcasting
  2744 | D:2      | Shot with an arrow by a centaur

Skill      XL: |  1  2  3  4 |
---------------+-------------+-----
Stealth        | 3 |  3.3
Dodging        | 3 |  3.5
Conjurations   | 2 |  2.3
Spellcasting   | 4 |  4.0
Short Blades   | |  0.9
Summonings     | |  1.0
Translocations | |  1.0

Action                   |  1- 3 |  4- 6 || total
-------------------------+-------+-------++-------
Melee: Unarmed           |     5 |       ||     5
       Spear             |    12 |       ||    12
       Dagger            |       |     9 ||     9
 Cast: Magic Dart        |    67 |    73 ||   140
  Use: Scroll            |     3 |     1 ||     4
  Eat: Chunk             |     8 |     4 ||    12
Armor: Robe              |     6 |     3 ||     9
Dodge: Dodged            |    33 |     9 ||    42
